 Dungeon Crawl Stone Soup version 0.26.0-57-g60708a5e39 (webtiles) character file.

Game seed: 14583617052752736680

3659 H0rd4k the Martial Artist (level 10, -9/63 HPs)
             Began as an Octopode Transmuter on Jan 29, 2021.
             Was an Initiate of Gozag.
             Mangled by a six-headed hydra (11 damage)
             ... on level 8 of the Dungeon on Feb 1, 2021.
             The game lasted 00:20:11 (12135 turns).

H0rd4k the Martial Artist (Octopode Transmuter)    Turns: 12135, Time: 00:20:12

Health: -9/63      AC:  1    Str: 10    XL:     10   Next: 12%
Magic:  19/19      EV: 16    Int: 18    God:    Gozag
Gold:   1118       SH:  0    Dex: 13    Spells: 10/22 levels left

rFire    + . .     SeeInvis .     - Unarmed
rCold    x . .     Faith    .   (no shield)
rNeg     . . .     Spirit   .   (helmet restricted)
rPois    .         Reflect  .   (no amulet)
rElec    .         Harm     .   w - ring of fire
rCorr    .         Rampage  .   C - ring of willpower
Will     +....                  (no ring)
Stlth    ++........             (no ring)
HPRegen  0.20/turn              (no ring)
MPRegen  0.16/turn              (no ring)
                                (no ring)
                                (no ring)

@: no status effects
A: almost no armour, stealthy swim, amphibious, 8 rings, constrict 8, camouflage
1, gelatinous body 1
a: Renounce Religion, Potion Petition, Call Merchant, Bribe Branch


You were on level 8 of the Dungeon.
You worshipped Gozag.
Gozag was most pleased with you.
You visited 3 branches of the dungeon, and saw 11 of its levels.

You collected 1266 gold pieces.
You spent 90 gold pieces at shops.
You paid 58 gold pieces to Gozag.

Inventory:

Hand Weapons
 y - the +5 trident of the Desolation of Salt {flame, rF+ Will+}
   (You found it on level 8 of the Dungeon)

   It has been specially enchanted to burn those struck by it, causing extra
   injury to most foes and up to half again as much damage against particularly
   susceptible opponents.
   It protects you from fire.
   It affects your willpower, your defense against some magical effects.
Missiles
 l - 25 poisoned darts (quivered)
Jewellery
 w - a ring of fire (left tentacle)
 C - a ring of willpower (right tentacle)
Wands
 t - a wand of flame (16)
 x - a wand of iceblast (4)
 D - a wand of paralysis (7)
Scrolls
 b - a scroll of fear {unknown}
 d - 2 scrolls of noise {unknown}
 i - 4 scrolls of enchant armour {unknown}
 j - 5 scrolls of magic mapping {unknown}
 k - 6 scrolls of remove curse
 m - 4 scrolls of blinking {unknown}
 n - 3 scrolls of enchant weapon {unknown}
 r - a scroll of silence {unknown}
 s - 2 scrolls of amnesia {unknown}
 u - 6 scrolls of teleportation
Potions
 a - a potion of brilliance
 e - a potion of degeneration
 f - a potion of resistance {unknown}
 g - 7 potions of curing
 h - 2 potions of ambrosia
 o - a potion of haste
 p - a potion of mutation
 q - a potion of flight
 z - a potion of magic {unknown}
 B - 3 potions of lignification


   Skills:
 + Level 3.8 Fighting
 + Level 5.5 Dodging
 - Level 0.4 Stealth
 + Level 8.8 Unarmed Combat
 + Level 6.5 Spellcasting
 + Level 0.7 Hexes
 + Level 6.2 Transmutations
 + Level 2.0 Poison Magic
 + Level 1.8 Evocations


You had 10 spell levels left.
You knew the following spells:

 Your Spells              Type           Power        Failure   Level
a - Beastly Appendage     Tmut           56%          1%          1
b - Spider Form           Tmut/Pois      10%          6%          3
c - Blade Hands           Tmut           14%          24%         5
d - Confusing Touch       Hex            8%           26%         3

Your spell library contained the following spells:

 Spells                   Type           Power        Failure   Level
 Wereblood                Tmut           28%          1%          2
 Corona                   Hex            8%           9%          1
 Ensorcelled Hibernation  Hex/Ice        14%          16%         2
 Tukima's Dance           Hex            8%           26%         3
 Dazzling Flash           Conj/Hex       14%          30%         3
 Ice Form                 Ice/Tmut       17%          30%         4


Dungeon Overview and Level Annotations

Branches:
Dungeon (9/15)             Temple (1/1) D:4            Lair (1/6) D:8
    Orc: D:9-12

Altars:
Ashenzari
Cheibriados
Dithmenos
Elyvilon
Fedhas
Gozag
Hepliaklqana
Kikubaaqudgha
Makhleb
Nemelex Xobeh
Okawaru
Qazlal
Ru
Sif Muna
Trog
Uskayaw
Vehumet
Wu Jian
Xom
Yredelemnul
Zin
The Shining One

Shops:
D:5 *

Annotations:
D:3 exclusion: downstairs
D:4 exclusion: downstairs
D:5 exclusions: 2 downstairs and upstairs
D:6 Dowan, Duvessa, Menkaure
D:8 exclusion: downstairs
D:9 !unseen, exclusion: tengu warrior


Innate Abilities, Weirdness & Mutations

You cannot wear most types of armour.
You are very stealthy in the water. (Stealth+)
You are amphibious.
You can wear up to eight rings at the same time.
You can use your tentacles to constrict eight enemies at once.
Your skin changes colour to match your surroundings (Stealth+).
Your rubbery body absorbs attacks. (AC +1, EV +1)


Message History

The iceblast engulfs the six-headed hydra!!
The six-headed hydra is severely wounded.
Unknown command.
There is a staircase back to the Dungeon here.
The six-headed hydra bites you! The six-headed hydra misses you. x2
The six-headed hydra closely misses you.
The six-headed hydra bites you! The six-headed hydra misses you.
You climb upwards.
Welcome back to the Dungeon!
Level annotation: exclusion: downstairs
There is a staircase to the Lair here.
The six-headed hydra completely misses you.
The six-headed hydra bites you! x2
* * * LOW HITPOINT WARNING * * *
The six-headed hydra bites you.
* * * LOW HITPOINT WARNING * * *
The six-headed hydra bites you.
* * * LOW HITPOINT WARNING * * *
The six-headed hydra bites you!
You die...
Your body crumbles into a pile of gold.

#.....#.## #.......
#....[#..### #.......
#####......### #.......
##...PP.....## ##.....>
#.P.[.PP...P.#####......
##.......P.P.P.........#.
#P....P.....P..........#.
##..P.P#'##.P.P..........(
#..P...#.@#..P............
#......#D>#...P...........
#.PPP..####...P...<.....##
#.P.........P...####.....#
#.#.P.[P.......##....###..
#.#...P..PP.PP....#### ###
#........P....#.##########
###...(...................
#####..........#.#########..


You could see a six-headed hydra.

Vanquished Creatures
  A komodo dragon (D:8)
  Sigmund (D:6)
  4 orc warriors
  2 sky beasts
  2 black bears (D:7)
  An ice beast (D:7)
  3 ogres
  A phantom (D:5)
  4 centaurs
  6 bullfrogs
  A water moccasin zombie (D:6)
  3 scorpions
  4 howler monkeys
  A bullfrog zombie (D:5)
  6 hounds
  A jelly (D:8)
  6 orc wizards
  A centaur skeleton (D:8)
  An orc priest (D:8)
  Crazy Yiuf (D:4)
  A gnoll shaman (D:3)
  Jessica (D:2)
  2 iguanas
  3 worker ants
  A killer bee zombie (D:8)
  2 hound zombies (D:9)
  A howler monkey zombie (D:8)
  5 gnolls (D:4)
  7 adders
  2 shadow imps
  3 white imps
  An ufetubus (D:8)
  An adder skeleton (D:4)
  4 worms
  4 dart slugs
  3 leopard geckos
  20 orcs
  5 ball pythons
  8 bats
  A giant cockroach (D:5)
  6 goblins
  10 hobgoblins
  6 jackals
  7 quokkas
  7 frilled lizards
  6 kobolds
  A leopard gecko skeleton (D:4)
  10 rats
178 creatures vanquished.

Vanquished Creatures (others)
  5 fungi (D:8)
  8 plants (D:8)
13 creatures vanquished.

Grand Total: 191 creatures vanquished

Notes
Turn   | Place    | Note
-------+----------+-------------------------------------------
     0 | D:1      | H0rd4k the Octopode Transmuter began the quest for the Orb.
     0 | D:1      | Reached XP level 1. HP: 13/13 MP: 3/3
   302 | D:1      | Reached XP level 2. HP: 18/18 MP: 5/5
  1246 | D:2      | Reached XP level 3. HP: 18/23 MP: 6/6
  1468 | D:2      | Noticed Jessica
  1475 | D:2      | Killed Jessica
  1476 | D:2      | Reached skill level 4 in Unarmed Combat
  1476 | D:2      | Reached XP level 4. HP: 25/28 MP: 7/7
  2114 | D:2      | Learned a level 3 spell: Spider Form
  2867 | D:3      | Reached XP level 5. HP: 26/33 MP: 8/8
  3828 | D:4      | Found a staircase to the Ecumenical Temple.
  3976 | Temple   | Entered the Ecumenical Temple
  4141 | Temple   | Became a worshipper of Gozag Ym Sagoz the Greedy
  4620 | D:5      | Entered Level 5 of the Dungeon
  4752 | D:5      | Noticed an ogre
  4769 | D:5      | Killed an ogre
  4770 | D:5      | Reached skill level 5 in Unarmed Combat
  4770 | D:5      | Reached XP level 6. HP: 23/38 MP: 7/10
  4935 | D:5      | Found a bloodstained altar of Trog.
  5121 | D:5      | Noticed a phantom
  5123 | D:5      | Found a radiant altar of Vehumet.
  5189 | D:5      | Killed a phantom
  5360 | D:5      | Noticed a sky beast
  5396 | D:5      | HP: 1/39 [something (5)]
  5728 | D:3      | Reached XP level 7. HP: 25/45 MP: 10/12
  6007 | D:4      | Found a runed translucent door.
  6008 | D:4      | Noticed Crazy Yiuf
  6018 | D:4      | Killed Crazy Yiuf
  6337 | D:5      | Found Giutiseo's General Store.
  6401 | D:5      | Bought 3 scrolls of teleportation for 90 gold pieces
  6604 | D:5      | Reached skill level 6 in Unarmed Combat
  6890 | D:6      | Noticed a fire elemental
  6892 | D:6      | Found a stormy altar of Qazlal.
  6898 | D:6      | Noticed an air elemental
  6921 | D:6      | Reached XP level 8. HP: 36/51 MP: 12/14
  7014 | D:6      | Noticed Dowan
  7014 | D:6      | Noticed Menkaure
  7032 | D:6      | Noticed Duvessa
  7178 | D:6      | Noticed Sigmund
  7196 | D:6      | Killed Sigmund
  8014 | D:7      | Reached skill level 7 in Unarmed Combat
  8324 | D:7      | Reached skill level 5 in Spellcasting
  8342 | D:7      | Reached skill level 5 in Transmutations
  8342 | D:7      | Reached skill level 1 in Poison Magic
  8342 | D:7      | Reached skill level 1 in Evocations
  8342 | D:7      | Reached XP level 9. HP: 33/57 MP: 13/16
  8982 | D:7      | Learned a level 5 spell: Blade Hands
  8984 | D:7      | Upgraded the game from 0.26.0-45-g9c1d065592 to
                  | 0.26.0-57-g60708a5e39
  8995 | D:8      | Noticed a komodo dragon
  9050 | D:8      | Got a transparent trident
  9111 | D:8      | Killed a komodo dragon
  9116 | D:8      | Reached skill level 8 in Unarmed Combat
  9200 | D:8      | Noticed a manticore
  9203 | D:8      | Noticed a troll
  9203 | D:8      | Noticed a troll
  9203 | D:8      | Noticed a deep elf mage
  9609 | D:8      | Learned a level 3 spell: Confusing Touch
 10181 | D:8      | Reached skill level 5 in Dodging
 10547 | D:8      | Found a staircase to the Lair.
 10735 | D:8      | Identified the +5 trident of the Desolation of Salt {flame,
                  | rF+ Will+} (You found it on level 8 of the Dungeon)
 11237 | D:9      | Reached XP level 10. HP: 26/63 MP: 16/19
 11806 | D:9      | Noticed a tengu warrior
 11856 | D:9      | Identified the +3 plate armour "Ynyephaf" {rPois rF- rN+
                  | Str+3}
 12126 | Lair:1   | Entered Level 1 of the Lair of Beasts
 12126 | Lair:1   | Noticed a six-headed hydra
 12135 | D:8      | HP: 2/63 [six-headed hydra (4)]
 12135 | D:8      | Mangled by a six-headed hydra

Illustrated notes

Levels and vault maps discovered:
D:1:      sevenhm_arrival_forest_fort_small_6, layout_basic
D:2:      layout_basic, uniq_jessica
D:3:      layout_loops_cross
D:4:      layout_basic, temple_hall, eino_tiny_chamber,
          kennysheep_generic_room_3, uniq_crazy_yiuf_cottage
D:5:      layout_loops_cross, lemuel_round_altar, serial_shops,
          kennysheep_little_box, vehumet_altar_wand_db
D:6:      layout_basic, basic_altar, nicolae_qazlal_style_of_elements,
          uniq_sigmund, uniq_duvessa, uniq_menkaure
D:7:      layout_basic
D:8:      layout_rooms, grunt_lair_entry_orc_guard_hut, minivault_12
D:9:      minmay_chambers_of_sevens, layout_loops_corners, uniq_joseph
Temple:   compressed_dpeg_circular_temple
Lair:1:   layout_roguey, nicolae_volcano_entry_batcave, grunt_megastairs_3,
          lemuel_fruit_tree, uniq_fannar

Skill      XL: |  1  2  3  4  5  6  7  8  9 10 |
---------------+-------------------------------+-----
Unarmed Combat | 4 5 6 7 8 |  8.8
Transmutations | 3 4 5 6 |  6.2
Spellcasting   | 3 4 5 6 |  6.5
Dodging        | 3 4 5 |  5.5
Fighting       | 2 3 |  3.8
Poison Magic   | 1 2 |  2.0
Evocations     | 1 |  1.8
Stealth        | |  0.4
Hexes          | |  0.7

Action                   |  1- 3 |  4- 6 |  7- 9 | 10-12 || total
-------------------------+-------+-------+-------+-------++-------
Melee: Unarmed           |    58 |   183 |   261 |    39 ||   541
       Constrict         |    13 |    43 |    45 |    11 ||   112
       Tentacles         |     9 |    35 |    31 |    10 ||    85
       Punch             |     1 |     5 |     8 |     4 ||    18
       Kick              |       |    12 |    45 |     7 ||    64
Throw: Dart              |       |       |     1 |       ||     1
 Cast: Beastly Appendage |       |     8 |    32 |     6 ||    46
       Spider Form       |       |     1 |    13 |     1 ||    15
       Confusing Touch   |       |       |     2 |       ||     2
Evoke: Wand              |       |     1 |    11 |     4 ||    16
  Use: Scroll            |       |       |    11 |     1 ||    12
       Potion            |       |       |     2 |     1 ||     3
 Stab: Sleeping          |     8 |     9 |     6 |       ||    23
       Paralysed         |       |       |     6 |       ||     6
       Distracted        |       |       |     1 |       ||     1
Armor: Skin              |     2 |    10 |     7 |     1 ||    20
Dodge: Dodged            |    27 |   128 |   169 |    44 ||   368
